Map: Bridgehead LE (Void)

Players

MoonLjth

  • Race: Protoss Protoss
  • League: Grandmaster

iQuitBYE

  • Race: Protoss Protoss
  • League: Grandmaster

Champ - Winner!

  • Race: Protoss Protoss
  • League: Silver

SkoomaRushQE - Winner!

  • Race: Protoss Protoss
  • League: Silver

VOD

Have the link to the VOD?

Description

Time

  • Played on: Oct. 3, 2015, 5:09 p.m.
  • Length: 12:27
Show
View Real Time Build Order
Export as new Build Order

MoonLjth Protoss 

Build Orders: 1 Gate Expand, Zealot Archon 

Get SALT Encoding   

  12  0:01  Probe (Chrono Boost)  
  13  0:16  Pylon  
  13  0:18  Probe (Chrono Boost)  
  15  0:28  Probe (Chrono Boost)  
  15  0:36  Gateway  
  15  0:39  Probe (Chrono Boost)  
  16  0:44  Assimilator  
  16  0:49  Probe (Chrono Boost)  
  17  0:56  Assimilator  
  17  1:00  Probe (Chrono Boost)  
  18  1:10  Probe (Chrono Boost)  
  19  1:28  Nexus  
  19  1:32  Probe (Chrono Boost)  
  20  1:41  Cybernetics Core  
  20  1:45  Probe (Chrono Boost)  
  21  1:50  Assimilator  
  21  1:55  Probe (Chrono Boost)  
  22  2:06  Probe (Chrono Boost)  
  23  2:10  Pylon  
  23  2:17  Warp Gate (Chrono Boost)  
  23  2:29  Mothership Core (Chrono Boost)  
  25  2:32  Stalker (Chrono Boost)  
  26  2:41  Probe  
  27  2:47  Robotics Facility  
  27  2:49  Probe  
  28  2:52  Probe  
  28  2:58  Pylon  
  29  3:01  Probe  
  29  3:03  Stalker (Chrono Boost)  
  29  3:04  Probe  
  33  3:13  Probe  
  33  3:19  Probe  
  34  3:23  Gateway  
  34  3:26  Probe  
  36  3:29  Probe  
  37  3:35  Stalker (Chrono Boost)  
  37  3:38  Probe  
  37  3:40  Probe  
  40  3:45  Observer  
  42  3:50  Probe  
  42  3:51  Probe  
  42  3:54  Gateway  
  44  4:00  Pylon  
  44  4:06  Immortal (Chrono Boost)  
  44  4:08  Probe  
  48  4:10  Probe  
  50  4:17  Pylon  
  50  4:19  Probe  
  51  4:25  Twilight Council  
  51  4:27  Probe  
  51  4:29  Stalker  
  54  4:32  Stalker  
  56  4:43  Probe  
  56  4:44  Probe, Assimilator  
  58  4:54  Gateway  
  58  4:56  Gateway  
  58  4:58  Stalker x2  
  62  5:04  Blink (Chrono Boost)  
  62  5:05  Warp Prism (Chrono Boost)  
  64  5:09  Probe  
  65  5:17  Stalker  
  65  5:18  Probe  
  68  5:23  Probe  
  68  5:25  Pylon  
  69  5:37  Pylon  
  69  5:42  Assimilator  
  69  5:48  Stalker x3  
  75  5:54  Probe  
  76  5:57  Pylon  
  76  6:04  Stalker x2  
  80  6:11  Probe  
  80  6:17  Stalker x3  
  87  6:24  Probe  
  87  6:25  Probe  
  89  6:26  Templar Archives  
  87  6:36  Probe  
  87  6:37  Probe  
  87  6:39  Stalker x2  
  85  6:49  Probe  
  85  6:51  Probe  
  85  6:52  Warp Prism  
  87  7:00  Gateway  
  87  7:01  Stalker, Probe  
  87  7:02  Stalker x2  
  87  7:03  Forge  
  94  7:18  Pylon  
  94  7:19  Pylon  
  94  7:28  Gateway  
  94  7:36  Probe x2, Pylon  
  96  7:37  Photon Cannon  
  96  7:41  Photon Cannon  
  96  7:43  Photon Cannon  
  96  7:46  Photon Cannon  
  96  7:48  Probe, High Templar x3  
  96  7:49  Protoss Ground Weapons Level 1 (Chrono Boost)  
  96  7:50  High Templar  
  96  7:51  Archon  
  105  7:52  Archon  
  105  7:54  Probe  
  105  7:56  Pylon  
  106  8:01  Probe  
  107  8:06  Probe  
  107  8:10  Nexus  
  108  8:13  Pylon  
  108  8:16  Pylon  
  108  8:21  Stalker  
  108  8:24  Resonating Glaives (Chrono Boost)  
  110  8:33  Stalker  
  110  8:34  Stalker x2  
  116  8:44  Stalker  
  116  8:48  Stalker x2  
  117  8:54  Probe  
  119  9:03  Probe  
  114  9:15  Adept x3  
  114  9:16  Adept x3  
  114  9:17  Adept  
  126  9:19  Probe  
  127  9:24  Photon Cannon  
  127  9:32  Assimilator  
  127  9:35  High Templar x2, Assimilator  
  127  9:37  Archon  
  131  9:40  High Templar  
  131  9:42  Zealot x3  
  131  9:43  Zealot  
  141  9:48  Observer (Chrono Boost)  
  142  10:06  Stalker x3  
  148  10:09  Gateway  
  148  10:10  Stalker  
  148  10:12  Gateway  
  148  10:13  Stalker  
  152  10:15  Gateway  
  152  10:31  High Templar x2  
  152  10:33  Archon  
  130  10:50  Adept x4  
  130  10:51  Adept  
  100  11:09  Adept x3  
  100  11:18  Robotics Bay  
  100  11:19  Adept x4  
  100  11:21  Robotics Facility  
  108  11:31  High Templar  
  108  11:32  Adept x3  
  116  11:33  Adept x2  
  116  11:38  Archon  
  120  11:42  Adept x3  
  120  11:43  Adept  
  128  11:47  Probe x3  
  131  11:58  Adept x3  
  131  12:00  Adept  
  131  12:21  Adept  
  131  12:22  Adept  
  103  12:24  Adept  
Show
View Real Time Build Order
Export as new Build Order

iQuitBYE Protoss 

Build Orders: Phoenix Opening 

Get SALT Encoding   

  12  0:01  Probe (Chrono Boost)  
  13  0:11  Probe (Chrono Boost)  
  14  0:19  Pylon  
  14  0:22  Probe (Chrono Boost)  
  15  0:37  Probe (Chrono Boost)  
  15  0:38  Gateway  
  16  0:48  Probe (Chrono Boost)  
  16  0:49  Assimilator  
  17  0:57  Assimilator  
  17  0:58  Probe (Chrono Boost)  
  18  1:09  Probe (Chrono Boost)  
  19  1:19  Probe (Chrono Boost)  
  20  1:25  Cybernetics Core  
  20  1:27  Pylon  
  20  1:30  Probe (Chrono Boost)  
  21  1:41  Probe (Chrono Boost)  
  22  1:51  Probe (Chrono Boost)  
  23  2:00  Stalker  
  23  2:02  Warp Gate  
  23  2:06  Mothership Core (Chrono Boost)  
  23  2:07  Pylon  
  27  2:26  Probe (Chrono Boost)  
  28  2:31  Nexus  
  28  2:38  Stargate  
  28  2:48  Probe (Chrono Boost)  
  28  2:50  Stalker  
  31  2:58  Probe (Chrono Boost)  
  32  3:09  Probe (Chrono Boost)  
  33  3:20  Probe (Chrono Boost)  
  33  3:21  Phoenix  
  33  3:25  Stalker  
  38  3:29  Pylon  
  38  3:36  Probe (Chrono Boost)  
  39  3:43  Phoenix  
  39  3:44  Probe (Chrono Boost)  
  43  3:48  Probe (Chrono Boost)  
  43  3:55  Probe (Chrono Boost)  
  44  3:57  Protoss Air Weapons Level 1  
  44  4:06  Stalker  
  44  4:08  Phoenix  
  46  4:13  Probe (Chrono Boost)  
  46  4:15  Probe (Chrono Boost)  
  50  4:20  Pylon  
  50  4:23  Probe (Chrono Boost)  
  51  4:27  Probe (Chrono Boost)  
  52  4:34  Probe (Chrono Boost)  
  54  4:39  Probe (Chrono Boost)  
  54  4:40  Phoenix  
  54  4:45  Probe (Chrono Boost)  
  57  4:51  Probe (Chrono Boost)  
  57  4:52  Robotics Facility  
  58  4:55  Probe (Chrono Boost), Assimilator  
  58  4:58  Assimilator  
  59  5:02  Phoenix  
  59  5:03  Probe (Chrono Boost)  
  62  5:25  Phoenix  
  64  5:33  Probe (Chrono Boost)  
  64  5:34  Immortal  
  64  5:35  Probe (Chrono Boost)  
  70  5:51  Pylon  
  70  5:52  Gateway  
  70  5:54  Gateway  
  70  5:56  Gateway  
  70  5:58  Protoss Air Armor Level 1  
  70  5:59  Gateway  
  70  6:00  Pylon x2  
  70  6:04  Pylon  
  70  6:06  Pylon  
  70  6:09  Probe (Chrono Boost), Phoenix  
  73  6:15  Immortal  
  73  6:22  Stalker  
  75  6:53  Probe (Chrono Boost)  
  75  6:55  Probe (Chrono Boost)  
  75  6:58  Immortal  
  75  7:01  Forge  
  75  7:05  Stalker x2, Twilight Council  
  75  7:06  Stalker x3  
  89  7:11  Phoenix  
  89  7:26  Nexus  
  89  7:33  Sentry x2  
  89  7:35  Stalker x2, Zealot  
  99  7:46  Pylon  
  99  7:49  Pylon, Protoss Ground Weapons Level 1  
  99  7:56  Blink  
  103  8:16  Probe (Chrono Boost)  
  103  8:17  Assimilator  
  103  8:18  Probe (Chrono Boost)  
  101  8:21  Assimilator  
  102  8:27  Probe (Chrono Boost)  
  102  8:37  Immortal  
  102  8:40  Robotics Facility  
  102  8:46  Probe x2 (Chrono Boost)  
  102  8:48  Probe (Chrono Boost)  
  109  9:00  Probe x2 (Chrono Boost)  
  109  9:01  Probe (Chrono Boost)  
  110  9:12  Immortal  
  112  9:21  Stalker x2  
  112  9:22  Stalker x3  
  122  9:24  Immortal  
  122  9:26  Protoss Ground Weapons Level 2  
  126  9:37  Pylon  
  126  9:41  Pylon  
  126  9:43  Pylon  
  126  9:46  Immortal  
  126  9:48  Phoenix  
  132  9:59  Immortal  
  132  10:02  Stalker x2  
  132  10:03  Stalker x3, Probe x3 (Chrono Boost)  
  149  10:13  Phoenix  
  151  10:23  Observer  
  152  10:32  Stalker x3  
  152  10:33  Stalker x2  
  160  10:46  Immortal x2  
  154  10:52  Phoenix  
  140  11:06  Stalker x2  
  140  11:07  Stalker x3  
  150  11:21  Immortal x2  
  150  11:24  Nexus  
  150  11:26  Pylon  
  150  11:28  Pylon  
  158  11:40  Sentry x2  
  158  11:41  Sentry  
  164  12:00  Pylon  
Show
View Real Time Build Order
Export as new Build Order

Champ Protoss - Winner!

Build Orders:  

Get SALT Encoding   

Show
View Real Time Build Order
Export as new Build Order

SkoomaRushQE Protoss - Winner!

Build Orders:  

Get SALT Encoding   

Tags
 
Add a new tag
Caveats
  • Supply blocks, unpowered buildings, or Contaminate may cause inaccurate times.
  • Supply counts are checked every 10 seconds.